Unix NetHack Version 5.0.0-0 post-release - last build Jul 14 2026 02:55:29 (1809b74e8187c3a3585e283601c3028b46cbbdcb,branch:main).

Game began 2026-07-14 14:41:26, ended 2026-07-14 17:46:50.

Barrb, neutral female human Barbarian

                                         .P*|
                                        ..P@-
                                        ....d.|
                                        .....[.
                                         .[*...
                                        .(...
                                        -....
                                        ....
                                        --....
                                         |....
                                          --..

Barrb the Bandit           St:18/02 Dx:17 Co:17 In:8 Wi:9 Ch:6  Neutral
Dlvl:8  $:108 HP:0(79) Pw:29(29) AC:10 Xp:7 T:5655  Burdened

Latest messages:
 You finish your prayer.
 You feel that Crom is well-pleased.
 You feel much better.
 You miss the dwarf.
 It bites the gnomish wizard.
 The giant spider bites!
 The air crackles around the gnomish wizard.
 The dwarf swings his dwarvish mattock.
 The dwarf hits!
 You kill the dwarf!
 It misses the gnomish wizard.
 The giant spider bites!
 The gnomish wizard points at you, then curses.
 You smite the giant spider!
 It misses the gnomish wizard.
 The giant spider bites!
 The gnomish wizard points all around, then curses.
 You kill the giant spider!
 It misses the gnomish wizard.
 The gnomish wizard points at you, then curses.
 You are hit by a dart.
 You kill the gnomish wizard!
 Idefix eats a giant spider corpse.
 There are several objects here.
 You attack thin air.
 You see here a shiny ring.
 You hear crashing rock.
 You kill the gnome!
 Idefix eats a giant spider corpse.
 You have a little trouble lifting d - a shiny ring.
 You have a little trouble lifting n - 2 darts (at the ready) (10 in total).
 f - a key.
 You see here a statue of a black pudding.
 The statue comes to life!
 What do you want to zap? [jBS or ?*] J
 You don't have that object.
 What do you want to zap? [jBS or ?*] S
 In what direction? 4
 The black pudding is suddenly moving faster.
 The black pudding divides as you hit it!
 Your battle-axe corrodes!
 The black pudding bites!
 You miss the black pudding.
 The black pudding bites!
 You miss the black pudding.
 The black pudding bites!
 The black pudding bites!
 The black pudding bites!
 You die...
 Do you want your possessions identified? [ynq] (y) q

Inventory:
 Coins    ('$')
  $ - 108 gold pieces
 Weapons  (')')
  G - a +0 arrow
  n - 10 +0 darts (at the ready)
  a - a very rusty corroded +0 battle-axe (weapon in hands)
  b - a +0 short sword (alternate weapon; not wielded)
 Armor    ('[')
  E - an uncursed +0 dwarvish iron helm
  U - an uncursed +0 dwarvish cloak
  F - a cursed -1 dwarvish mithril-coat
  c - an uncursed +0 ring mail
 Comestibles  ('%')
  Y - 2 uncursed food rations
 Scrolls  ('?')
  I - 2 blessed scrolls of blank paper
  H - 2 uncursed scrolls of blank paper
  o - a blessed scroll of enchant weapon
  X - a cursed scroll of enchant weapon
  O - a cursed scroll of gold detection
  Z - a cursed scroll of magic mapping
 Spellbooks  ('+')
  x - an uncursed spellbook of force bolt
  e - an uncursed spellbook of healing
  k - an uncursed spellbook of protection
  p - an uncursed spellbook of wizard lock
 Potions  ('!')
  V - an uncursed potion of booze
  R - a cursed potion of extra healing
  g - 3 cursed potions of healing
 Rings    ('=')
  d - a cursed ring of hunger
  h - an uncursed ring of stealth
  W - an uncursed ring of stealth
  D - a cursed ring of teleportation
 Wands    ('/')
  B - a wand of digging (0:3)
  S - a wand of speed monster (0:3)
  j - a wand of undead turning (0:4)
 Tools    ('(')
  L - a cursed lock pick
  Q - a +0 pick-axe
  f - an uncursed skeleton key
  M - 5 cursed tallow candles
  K - an uncursed towel
 Gems/Stones  ('*')
  P - 3 uncursed worthless pieces of black glass
  N - 2 uncursed worthless pieces of blue glass
  s - an uncursed worthless piece of green glass
  T - an uncursed worthless piece of white glass

Barrb the Barbarian's attributes:

Background:
 You were a Bandit, a level 7 female human Barbarian.
 You were neutral, on a mission for Crom
 who was opposed by Mitra (lawful) and Set (chaotic).
 You were right-handed.
 You were in the Gnomish Mines, on level 8.
 You entered the dungeon 5655 turns ago.
 There was a new moon in effect when your adventure ended.
 You had 1059 experience points, 221 more were needed to attain level 8.

Basics:
 You had 0 out of 79 hit points.
 You had all 29 energy points (spell power).
 Your armor class was 10.
 Your wallet contained 108 zorkmids.
 Autopickup was off.

Final Characteristics:
 Your strength was 18/02 (limit:18/100).
 Your dexterity was 17 (limit:18).
 Your constitution was 17 (limit:18).
 Your intelligence was 8 (limit:18).
 Your wisdom was 9 (limit:18).
 Your charisma was 6 (limit:18).

Final Status:
 You weren't hungry.
 You were burdened; movement was slightly slowed.
 You were wielding an axe.
 You were skilled in axe.
 You weren't wearing any armor.

Final Attributes:
 You were piously aligned.
 You were poison resistant.
 You were telepathic.
 You were fast.
 You are dead.

Miscellaneous:
 You didn't encounter any bones levels.
 Total elapsed playing time was 1 hour, 4 minutes and 16 seconds.

Major events:
 Turn
    1: Barrb the neutral female human Barbarian entered the dungeon
  286: entered the Gnomish Mines
 1020: attained the rank of Pillager (level 3)
 3213: attained the rank of Bandit (level 6)
 5064: reached Mine Town
 5655: killed by a black pudding

You didn't know any spells.

Skills:
 Fighting Skills
   bare handed combat [Basic]
   two weapon combat  [Unskilled]
   riding             [Unskilled]
 Weapon Skills
   dagger             [Unskilled]
   axe                [Skilled]
   pick-axe           [Unskilled]
   short sword        [Basic]
   broadsword         [Unskilled]
   long sword         [Unskilled]
   two-handed sword   [Unskilled]
   saber              [Unskilled]
   club               [Unskilled]
   mace               [Unskilled]
   morning star       [Unskilled]
   flail              [Unskilled]
   hammer             [Unskilled]
   quarterstaff       [Unskilled]
   spear              [Unskilled]
   trident            [Unskilled]
   bow                [Unskilled]
 Spellcasting Skills
   attack spells      [Unskilled]
   escape spells      [Unskilled]

Voluntary challenges:
 Character rerolling was not enabled.
 You never genocided any monsters.
 You never polymorphed an object.
 You never changed form.
 You used no wishes.
Achievements:
 You entered the Gnomish Mines.
 You entered a shop.
 You attained the rank of Pillager.
 You attained the rank of Bandit.
 You entered Minetown.

 The Dungeons of Doom: levels 1 to 5
    Level 1:
       Some fountains, a grave.
    Level 2:
       A weapon shop.
       Stairs down to The Gnomish Mines.
    Level 3:
       A fountain.
    Level 4:
    Level 5:
 The Gnomish Mines: levels 3 to 8
    Level 3:
    Level 4:
    Level 5:
    Level 6:
    Level 8: <- You were here.
       Final resting place for
          you, killed by a black pudding.


Vanquished creatures:
  a quivering blob
  a wolf
  2 giant spiders
  a dwarf leader
  a bugbear
  2 orc shamans
  2 rock piercers
  2 rock moles
  a pony
  2 shriekers
  8 gnome leaders
  2 gnomish wizards
  a straw golem
  a paper golem
  4 giant ants
  3 floating eyes
  2 kittens
  7 dwarves
  2 kobold leaders
  3 hill orcs
  6 rothes
  2 rabid rats
  3 giant bats
  3 orc zombies
  2 iguanas
 an acid blob
  5 manes
  a large kobold
  a hobgoblin
  2 giant rats
  5 cave spiders
  2 brown molds
  2 yellow molds
  a green mold
 28 gnomes
  2 garter snakes
  6 geckos
  5 jackals
  5 goblins
  3 sewer rats
  a grid bug
  8 lichens
  2 kobold zombies
 11 newts
155 creatures vanquished.

No species were genocided or became extinct.

Game over:
                       ----------
                      /          \
                     /    REST    \
                    /      IN      \
                   /     PEACE      \
                  /                  \
                  |      Barrb       |
                  |      108 Au      |
                  |   killed by a    |
                  |  black pudding   |
                  |                  |
                  |                  |
                  |       2026       |
                 *|     *  *  *      | *
        _________)/\\_//(\/(/\)/\//\/|_)_______

Goodbye Barrb the Barbarian...

You died in The Gnomish Mines on dungeon level 8 with 4734 points,
and 108 pieces of gold, after 5655 moves.
You were level 7 with a maximum of 79 hit points when you died.

